 Dungeon Crawl Stone Soup version 0.22.0-49-gab54619674 (webtiles) character file.

1682 JedernureinKreuz the Conjurer (level 9, -1/65 HPs)
             Began as a Gnoll Conjurer on Sept 9, 2018.
             Killed from afar by an electric eel (6 damage)
             ... with a bolt of electricity
             ... on level 5 of the Dungeon.
             The game lasted 00:30:08 (6203 turns).

JedernureinKreuz the Conjurer (Gnoll Conjurer)      Turns: 6203, Time: 00:30:09

Health: -1/65      AC:  4    Str: 10    XL:     9   Next: 2%
Magic:  18/18      EV: 15    Int: 21    God:
Gold:   329        SH:  0    Dex: 16    Spells: 12/20 levels left

rFire    . . .     SeeInvis .   f - -2 spear (curse)
rCold    . . .     Gourm    .   (no shield)
rNeg     . . .     Faith    .   D - -1 leather armour (curse)
rPois    .         Spirit   .   o - +1 helmet
rElec    .         Reflect  .   (no cloak)
rCorr    .         Harm     .   (no gloves)
MR       .....                  (no boots)
Stlth    +++.......             (no amulet)
HPRegen  0.20/turn              (no ring)
MPRegen  0.16/turn              (no ring)

@: no status effects
A: distributed training, fangs 1, strong nose
a: no special abilities


You were on level 5 of the Dungeon.
You were not hungry.

You visited 2 branches of the dungeon, and saw 6 of its levels.

You collected 329 gold pieces.

Inventory:

Hand Weapons
 f - a cursed -2 spear (weapon)
 i - a +0 short sword
 m - a +0 glaive of chopping
 r - a +0 antimagic short sword
 s - a +2 antimagic short sword
Missiles
 b - 250 stones
 e - 102 arrows
 g - 40 sling bullets
 k - 33 poisoned needles
 q - 64 bolts
 B - a throwing net
 C - 5 tomahawks (quivered)
Armour
 a - a +0 robe
 o - a +1 helmet (worn)
 D - a cursed -1 leather armour (worn)
Magical Staves
 h - an uncursed staff of earth {unknown}
Jewellery
 j - an uncursed ring of positive energy {unknown}
 A - an uncursed ring of protection from cold {unknown}
Wands
 t - a wand of enslavement (3)
 y - a wand of flame (54)
 z - a wand of digging (8)
 F - a wand of paralysis (10)
Scrolls
 n - 3 scrolls of identify
 p - a scroll of enchant armour
 v - a scroll of magic mapping
Potions
 d - a potion of haste
 l - a potion of brilliance {unknown}
 u - a potion of degeneration {unknown}
 w - 2 potions of heal wounds {unknown}
 x - a potion of cancellation {unknown}
 E - a potion of flight {unknown}
Comestibles
 c - 7 rations


   Skills:
 + Level 3.7 Fighting
 + Level 3.7 Short Blades
 + Level 3.7 Long Blades
 + Level 3.7 Axes
 + Level 3.7 Maces & Flails
 + Level 3.7 Polearms
 + Level 3.7 Staves
 + Level 3.7 Slings
 + Level 3.7 Bows
 + Level 3.7 Crossbows
 + Level 3.7 Throwing
 + Level 3.7 Armour
 + Level 6.0 Dodging
 + Level 5.6 Stealth
 + Level 3.7 Shields
 + Level 3.7 Unarmed Combat
 + Level 6.3 Spellcasting
 + Level 7.8 Conjurations
 + Level 3.0 Hexes
 + Level 3.0 Charms
 + Level 3.0 Summonings
 + Level 3.0 Necromancy
 + Level 3.0 Translocations
 + Level 3.0 Transmutations
 + Level 3.0 Fire Magic
 + Level 3.0 Ice Magic
 + Level 3.0 Air Magic
 + Level 3.0 Earth Magic
 + Level 3.0 Poison Magic
 + Level 4.1 Invocations
 + Level 3.7 Evocations


You had 12 spell levels left.
You knew the following spells:

 Your Spells              Type           Power        Failure   Level  Hunger
a - Magic Dart            Conj           ####         1%          1    None
b - Iskenderun's Mystic   Conj           #####...     4%          4    ###....
c - Dazzling Spray        Conj/Hex       ####..       4%          3    #......

Your spell library contained the following spells:

 Spells                   Type           Power        Failure   Level  Hunger
 Searing Ray              Conj           #####.       1%          2    None
 Force Lance              Conj/Tloc      ####....     13%         4    ###....
 Fulminant Prism          Conj/Hex       ####......   13%         4    ###....


Dungeon Overview and Level Annotations

Branches:
Dungeon (5/15)             Temple (1/1) D:5

Altars:
Ashenzari
Cheibriados
Elyvilon
Fedhas
Gozag
Hepliaklqana
Nemelex Xobeh
Ru
Trog
Uskayaw
Vehumet
Xom
Yredelemnul
Zin

Annotations:
D:5 Edmund


Innate Abilities, Weirdness & Mutations

Your experience applies equally to all skills.
You have very sharp teeth.
Your uncanny sense of smell can sniff out nearby items.


Message History

You eat one of the 8 rations.
That ration really hit the spot!
You open the door.
There is an open door here.
The electric eel shoots out a bolt of lightning at you!
The bolt of electricity hits the plant. x2; The bolt of electricity hits you!
The electric eel shoots out a bolt of lightning at you!
The bolt of electricity hits the plant. x2; The bolt of electricity hits you!
You enter the shallow water.
Moving in this stuff is going to be slow.
The electric eel shoots out a bolt of lightning at you!
The bolt of electricity hits the plant.
The bolt of electricity hits you!
The electric eel shoots out a bolt of lightning at you!
The bolt of electricity hits you!
* * * LOW HITPOINT WARNING * * *
The bolt of electricity hits you!
* * * LOW HITPOINT WARNING * * *
The bolt of electricity hits the plant.
The electric eel shoots out a bolt of lightning at you!
The bolt of electricity hits the plant.
The bolt of electricity hits you!
You die...

.#..# #.#.#≈.......#≈# # .#..#
#.#≈#≈≈≈≈≈..'#.# ## ....#
###)##≈.≈÷..#..# ##.
....########≈##########≈#######..
..........#≈##≈;[P..##≈≈#........
....#####.#≈#≈;..P...#≈##.#####..
....# #.#.#≈?≈P....#≈#.........
...######.#.#≈≈?PP..'#.#.########
.......†..#'##≈.@≈..#..#.## #
.########....########.##..# # .#
#.#.#.# #####.# #
.########.#...### #.#
..>.............# #.#
#########.###.#.# #.# #.###.#.#
#.# ##### #.....#.# #.# #....
#######.# #)###.###


You could see 2 electric eels.

Vanquished Creatures
  Grinder (D:5)
  2 eyes of draining (D:3)
  A phantom (D:5)
  A sky beast (D:5)
  3 ogres
  Blork the orc (D:4)
  A scorpion (D:5)
  4 electric eels (D:5)
  A crimson imp (D:5)
  2 jellies (D:5)
  A hound (D:4)
  2 bullfrog skeletons (D:4)
  A centaur skeleton (D:4)
  An orc wizard (D:3)
  Jessica (D:3)
  An iguana (D:5)
  Ijyb (D:3)
  3 worker ants
  4 gnolls (D:4)
  9 adders
  2 worms (D:2)
  A dart slug (D:2)
  3 leopard geckos
  5 orcs
  2 giant cockroaches (D:3)
  19 goblins
  9 hobgoblins
  8 jackals
  7 kobolds
  9 quokkas
  A ball python (D:3)
  10 bats
  5 frilled lizards
  A quokka zombie (D:5)
  5 rats
128 creatures vanquished.

Vanquished Creatures (others)
  A leopard gecko (D:5)
  A plant (D:5)
2 creatures vanquished.

Grand Total: 130 creatures vanquished

Notes
Turn   | Place    | Note
-------+----------+-------------------------------------------
     0 | D:1      | JedernureinKreuz the Gnoll Conjurer began the quest for the
                  | Orb.
     0 | D:1      | Reached XP level 1. HP: 13/13 MP: 6/6
   156 | D:1      | Reached XP level 2. HP: 19/19 MP: 2/7
   450 | D:1      | Reached XP level 3. HP: 22/25 MP: 6/9
   925 | D:2      | Reached skill level 5 in Spellcasting
  1017 | D:2      | Reached skill level 1 in Invocations
  1165 | D:2      | Reached skill level 1 in Fighting
  1165 | D:2      | Reached skill level 1 in Short Blades
  1165 | D:2      | Reached skill level 1 in Long Blades
  1165 | D:2      | Reached skill level 1 in Axes
  1165 | D:2      | Reached skill level 1 in Maces & Flails
  1165 | D:2      | Reached skill level 1 in Polearms
  1165 | D:2      | Reached skill level 1 in Staves
  1165 | D:2      | Reached skill level 1 in Slings
  1165 | D:2      | Reached skill level 1 in Bows
  1165 | D:2      | Reached skill level 1 in Crossbows
  1165 | D:2      | Reached skill level 1 in Throwing
  1165 | D:2      | Reached skill level 1 in Armour
  1165 | D:2      | Reached skill level 1 in Shields
  1165 | D:2      | Reached skill level 1 in Unarmed Combat
  1165 | D:2      | Reached skill level 1 in Evocations
  1165 | D:2      | Reached XP level 4. HP: 32/32 MP: 3/11
  1520 | D:2      | Found a white marble altar of Elyvilon.
  1723 | D:2      | Reached skill level 1 in Hexes
  1723 | D:2      | Reached skill level 1 in Charms
  1723 | D:2      | Reached skill level 1 in Summonings
  1723 | D:2      | Reached skill level 1 in Necromancy
  1723 | D:2      | Reached skill level 1 in Translocations
  1723 | D:2      | Reached skill level 1 in Transmutations
  1723 | D:2      | Reached skill level 1 in Fire Magic
  1723 | D:2      | Reached skill level 1 in Ice Magic
  1723 | D:2      | Reached skill level 1 in Air Magic
  1723 | D:2      | Reached skill level 1 in Earth Magic
  1723 | D:2      | Reached skill level 1 in Poison Magic
  1842 | D:2      | Learned a level 4 spell: Iskenderun's Mystic Blast
  1846 | D:2      | Learned a level 3 spell: Dazzling Spray
  1983 | D:3      | Noticed Jessica
  1985 | D:3      | Killed Jessica
  1985 | D:3      | Reached XP level 5. HP: 37/37 MP: 9/12
  2277 | D:3      | Found a blossoming altar of Fedhas.
  2507 | D:3      | Found a bloodstained altar of Trog.
  2507 | D:3      | Noticed an eye of draining
  2507 | D:3      | Noticed an eye of draining
  2558 | D:3      | Killed an eye of draining
  2558 | D:3      | Reached XP level 6. HP: 44/44 MP: 0/14
  2606 | D:3      | Killed an eye of draining
  2606 | D:3      | Reached skill level 5 in Dodging
  2731 | D:3      | Noticed Ijyb
  2858 | D:3      | Killed Ijyb
  3109 | D:4      | Reached XP level 7. HP: 50/50 MP: 9/15
  3320 | D:4      | Found a radiant altar of Vehumet.
  3349 | D:4      | Noticed Blork the orc
  3476 | D:4      | Killed Blork the orc
  3646 | D:4      | Reached skill level 5 in Stealth
  4098 | D:4      | Reached XP level 8. HP: 57/57 MP: 9/16
  4145 | D:5      | Entered Level 5 of the Dungeon
  4148 | D:5      | Noticed Grinder
  4158 | D:5      | Killed Grinder
  4308 | D:5      | Noticed Edmund
  4310 | D:5      | Found a shimmering altar of Xom.
  4312 | D:5      | Found a shimmering altar of Xom.
  4313 | D:5      | Found a shimmering altar of Xom.
  4560 | D:5      | Found a staircase to the Ecumenical Temple.
  4584 | Temple   | Entered the Ecumenical Temple
  5903 | D:5      | Reached XP level 9. HP: 65/65 MP: 13/18
  5909 | D:5      | HP: 2/65 [electric eel/bolt of electricity (12)]
  6203 | D:5      | Killed from afar by an electric eel

Skill      XL: |  1  2  3  4  5  6  7  8 |
---------------+-------------------------+-----
Spellcasting   | 5 6 |  6.3
Invocations    | 1 2 3 4 |  4.1
Fighting       | 1 2 3 |  3.7
Short Blades   | 1 2 3 |  3.7
Long Blades    | 1 2 3 |  3.7
Axes           | 1 2 3 |  3.7
Maces & Flails | 1 2 3 |  3.7
Polearms       | 1 2 3 |  3.7
Staves         | 1 2 3 |  3.7
Slings         | 1 2 3 |  3.7
Bows           | 1 2 3 |  3.7
Crossbows      | 1 2 3 |  3.7
Throwing       | 1 2 3 |  3.7
Armour         | 1 2 3 |  3.7
Shields        | 1 2 3 |  3.7
Unarmed Combat | 1 2 3 |  3.7
Evocations     | 1 2 3 |  3.7
Hexes          | 1 2 3 |  3.0
Charms         | 1 2 3 |  3.0
Summonings     | 1 2 3 |  3.0
Necromancy     | 1 2 3 |  3.0
Translocations | 1 2 3 |  3.0
Transmutations | 1 2 3 |  3.0
Fire Magic     | 1 2 3 |  3.0
Ice Magic      | 1 2 3 |  3.0
Air Magic      | 1 2 3 |  3.0
Earth Magic    | 1 2 3 |  3.0
Poison Magic   | 1 2 3 |  3.0
Dodging        | 5 6 |  6.0
Stealth        | 5 |  5.6
Conjurations   | |  7.8

Action                   |  1- 3 |  4- 6 |  7- 9 || total
-------------------------+-------+-------+-------++-------
Melee: Unarmed           |     3 |       |       ||     3
       Bite              |     2 |     7 |       ||     9
       Spear             |    10 |    81 |    11 ||   102
Throw: Tomahawk          |     9 |    11 |     7 ||    27
       Stone             |       |     3 |       ||     3
 Cast: Magic Dart        |    61 |    89 |   168 ||   318
       Iskenderun's Myst |       |     5 |    16 ||    21
  Use: Scroll            |     2 |     2 |     1 ||     5
 Stab: Sleeping          |     1 |     3 |       ||     4
  Eat: Chunk             |     1 |     6 |     8 ||    15
       Ration            |       |       |     2 ||     2
Armor: Robe              |     2 |     6 |     4 ||    12
       Leather armour    |       |       |     3 ||     3
Dodge: Dodged            |    27 |    34 |    49 ||   110
